 Dungeon Crawl Stone Soup version 0.29.0-4-gdea44cf6ec (webtiles) character file.

Game seed: 4097278278269558426

135 qw the Chopper (level 5, -7/30 HPs)
             Began as a Tengu Warper on Aug 28, 2022.
             Killed by divine providence
             ... invoked by an orc priest
              (11 damage)
             ... on level 3 of the Dungeon.
             The game lasted 00:00:15 (2291 turns).

qw the Chopper (Tengu Warper)                       Turns: 2291, Time: 00:00:16

Health: -7/30      AC:  4    Str: 14    XL:     5   Next: 18%
Magic:  9/9        EV: 14    Int: 13    God:
Gold:   122        SH:  0    Dex: 13    Spells: 8/8 levels left

rFire   . . .      SeeInvis .   Y - +0 hand axe
rCold   . . .      Faith    .   (no shield)
rNeg    . . .      Spirit   .   b - +0 leather armour
rPois   .          Reflect  .   (helmet restricted)
rElec   .          Harm     .   (no cloak)
rCorr   .          Rampage  .   i - +0 pair of gloves
Will    .....                   (boots unavailable)
Stlth   +.........              (no amulet)
HPRegen 0.10/turn               (no ring)
MPRegen 0.11/turn               (no ring)

@: flying quickly and evasively, quick
A: beak, talons 3, nimble flight
a: no special abilities


You were on level 3 of the Dungeon.
You visited 1 branch of the dungeon, and saw 3 of its levels.

You collected 122 gold pieces.


Innate Abilities, Weirdness & Mutations

You have a beak for a mouth.
You have claws for feet.
Your magical nature lets you fly swiftly and evasively.


   Skills:
 - Level 2.0 Fighting
 + Level 5.7 Axes
 - Level 1.0 Throwing
 - Level 1.1 Armour
 - Level 2.1 Dodging
 - Level 2.0 Spellcasting
 - Level 2.4 Translocations


You had 8 spell levels left.
You didn't know any spells.
Your spell library contained the following spells:

 Spells                   Type           Power      Damage    Failure   Level
 Blink                    Tloc           14%        N/A       19%         2
 Gell's Gravitas          Tloc           7%         N/A       34%         3
 Lesser Beckoning         Tloc           7%         N/A       34%         3
 Teleport Other           Tloc           7%         N/A       34%         3
 Manifold Assault         Tloc           7%         N/A       97%         5

Inventory:

Hand Weapons
 l - a +0 whip
 Y - a +0 hand axe (weapon)
Armour
 b - a +0 leather armour (worn)
 d - a +0 plate armour
 i - a +0 pair of gloves (worn)
Scrolls
 c - a scroll of butterflies {unknown}
 f - a scroll of immolation {unknown}
 g - a scroll of identify
Potions
 a - a potion of lignification {unknown}
 e - a potion of curing
 h - a potion of mutation {unknown}
 j - a potion of heal wounds {unknown}
 m - a potion of might {unknown}

Dungeon Overview and Level Annotations

Branches:
Dungeon (3/15)

Altars:


Message History

The orc priest hits you with a +0 falchion.
You closely miss the orc priest.
The orc priest is heavily wounded.
The orc priest completely misses you.
You barely miss the orc priest. Your peck misses the orc priest.
The orc priest is heavily wounded.
The orc priest hits you with a +0 falchion!
You hit the orc priest but do no damage.
The orc priest is heavily wounded.
The orc priest hits you but does no damage.
You hit the orc priest but do no damage.
The orc priest is heavily wounded.
The orc priest hits you with a +0 falchion.
You completely miss the orc priest.
You claw the orc priest, but do no damage.
The orc priest is heavily wounded.
The orc priest hits you but does no damage.
You closely miss the orc priest.
The orc priest is moderately wounded.
The orc priest hits you but does no damage.
You hit the orc priest but do no damage.
You peck the orc priest, but do no damage.
The orc priest is moderately wounded.
The orc priest calls down the wrath of Beogh upon you.
You barely resist. You closely miss the orc priest.
Your peck misses the orc priest.
The orc priest is moderately wounded.
The orc priest barely misses you.
You completely miss the orc priest. Your peck misses the orc priest.
The orc priest is moderately wounded.
The orc priest misses you.
You closely miss the orc priest. You peck the orc priest.
The orc priest is heavily wounded.
The orc priest closely misses you.
You hit the orc priest. Your kick misses the orc priest.
You peck the orc priest, but do no damage.
The orc priest is severely wounded.
The orc priest invokes the aid of Beogh against you.
Beogh smites you!
You die...

#.##.....##
##......##
#.####..# . #..#
#..# #..#
.#####..##########
.................#
.###############@#
#o#


Soo .#### #. # You could see an orc priest, 2 orcs and a ball python.

Vanquished Creatures
  A jelly (D:3)
  An orc wizard (D:3)
  2 adders
  2 dart slugs
  6 bats
  9 endoplasms
  3 giant cockroaches (D:1)
  6 goblins
  3 hobgoblins
  5 kobolds
  2 quokkas
  8 ball pythons
  4 frilled lizards
  6 rats
58 creatures vanquished.

Vanquished Creatures (others)
  9 fungi (D:1)
  4 plants (D:1)
13 creatures vanquished.

Grand Total: 71 creatures vanquished

Notes
Turn   | Place    | Note
-------+----------+-------------------------------------------
     0 | D:1      | qw the Tengu Warper began the quest for the Orb.
     0 | D:1      | Reached XP level 1. HP: 12/12 MP: 4/4
     0 | D:1      | 0 ||| qw: Version: 0.1-a-89-g26bdef1
     0 | D:1      | 0 ||| qw: Game counter: 1496
     0 | D:1      | 0 ||| qw: Always use a shield: true
     0 | D:1      | 0 ||| qw: God list: Okawaru
     0 | D:1      | 0 ||| qw: Allow faded altars: false
     0 | D:1      | 0 ||| qw: Do Orc after D:15 true
     0 | D:1      | 0 ||| qw: Do second Lair branch before Depths: true
     0 | D:1      | 0 ||| qw: Lair rune preference: random
     0 | D:1      | 0 ||| qw: Plans: Normal
     0 | D:1      | 0 ||| PLANNING D:1-11
   207 | D:1      | Reached XP level 2. HP: 16/17 MP: 6/6
   222 | D:1      | 222 ||| Stepping ~*~*~tactically~*~*~ (stealth).
   230 | D:1      | Reached skill level 3 in Axes
   382 | D:1      | 382 ||| Stepping ~*~*~tactically~*~*~ (stealth).
   428 | D:1      | 428 ||| Stepping ~*~*~tactically~*~*~ (stealth).
   679 | D:1      | 679 ||| Stepping ~*~*~tactically~*~*~ (stealth).
   742 | D:1      | Reached XP level 3. HP: 17/21 MP: 7/7
   935 | D:1      | 935 ||| Stepping ~*~*~tactically~*~*~ (stealth).
   941 | D:1      | 941 ||| Stepping ~*~*~tactically~*~*~ (stealth).
  1011 | D:1      | 1011 ||| DROPPING +0 club.
  1183 | D:1      | Reached skill level 4 in Axes
  1185 | D:1      | Found a faded altar of an unknown god.
  1236 | D:1      | 1236 ||| UPGRADING to +0 pair of gloves.
  1241 | D:1      | 1241 ||| READING scroll labelled SIVAYL OCREASTAVVY.
  1242 | D:1      | 1242 ||| READING scroll labelled FIGRIS WESHRU.
  1243 | D:1      | 1243 ||| READING 2 scrolls labelled GIHISIYRR FESM.
  1244 | D:1      | 1244 ||| READING scroll labelled VIMOUD OHAPNI.
  1245 | D:1      | 1245 ||| DROPPING scroll of blinking.
  1329 | D:2      | 1329 ||| Stepping ~*~*~tactically~*~*~ (water).
  1987 | D:2      | 1987 ||| DROPPING orb of energy.
  1988 | D:2      | 1988 ||| READING scroll labelled KOGRUACVYN.
  1989 | D:2      | 1989 ||| READING 2 scrolls of identify.
  1989 | D:2      | 1989 ||| IDENTIFYING bubbling golden potion
  2028 | D:3      | Reached XP level 4. HP: 26/26 MP: 8/8
  2075 | D:3      | 2075 ||| Stepping ~*~*~tactically~*~*~ (stealth).
  2077 | D:3      | 2077 ||| Stepping ~*~*~tactically~*~*~ (stealth).
  2142 | D:3      | 2142 ||| Stepping ~*~*~tactically~*~*~ (hiding).
  2155 | D:3      | 2155 ||| Stepping ~*~*~tactically~*~*~ (stealth).
  2156 | D:3      | 2156 ||| Stepping ~*~*~tactically~*~*~ (stealth).
  2157 | D:3      | 2157 ||| Stepping ~*~*~tactically~*~*~ (hiding).
  2158 | D:3      | 2158 ||| Stepping ~*~*~tactically~*~*~ (hiding).
  2162 | D:3      | Reached skill level 5 in Axes
  2275 | D:3      | Gained mutation: Your magical nature lets you fly swiftly
                  | and evasively. [Tengu growth]
  2275 | D:3      | Reached XP level 5. HP: 17/30 MP: 9/9
  2282 | D:3      | HP: 7/30 [orc priest/+0 falchion (8)]
  2291 | D:3      | Killed from afar by an orc priest

Levels and vault maps discovered:
D:1:      dpeg_arrival_fog, layout_rooms,
          shapermc_ecumenical_altar_mp_urbaneastern
D:2:      wander_river, layout_rooms
D:3:      layout_loops_ring, lemuel_coloured_pillars_altar, st_stairs_4

Skill      XL: |  1  2  3  4 |
---------------+-------------+-----
Axes           | 3 4 5 |  5.7
Fighting       | |  2.0
Throwing       | |  1.0
Armour         | |  1.1
Dodging        | |  2.1
Spellcasting   | |  2.0
Translocations | |  2.4

Action                   |  1- 3 |  4- 6 || total
-------------------------+-------+-------++-------
Melee: Hand axe          |    97 |    51 ||   148
       Kick              |    14 |    12 ||    26
       Peck              |    13 |     9 ||    22
       Punch             |     1 |       ||     1
Throw: Boomerang         |     7 |       ||     7
  Use: Scroll            |     6 |       ||     6
Armor: Leather armour    |    23 |     8 ||    31
Dodge: Dodged            |    42 |    26 ||    68

Table legend:
 A = Non-vault XP
 B = Vault XP
 C = Vault XP percentage of total XP
 D = Non-vault monster count
 E = Vault monster count
 F = Vault count percentage of total count
                 A         B        C        D         E       F
            +---------+---------+-------+---------+---------+-------
      Total |     188 |       5 |   2.6 |      56 |       2 |   3.4
            +---------+---------+-------+---------+---------+-------
        D:1 |      47 |       0 |   0.0 |      28 |       0 |   0.0
        D:2 |      33 |       0 |   0.0 |      13 |       0 |   0.0
        D:3 |     108 |       5 |   4.4 |      15 |       2 |  11.8
            +---------+---------+-------+---------+---------+-------
